 Dungeon Crawl Stone Soup version 0.19-a0-1899-g2d93087 (webtiles) character file.

739 Gerad the Destroyer (level 7, -4/41 HPs)
             Began as a High Elf Conjurer on Oct 19, 2016.
             Was a Believer of Sif Muna.
             Killed by nerve-wracking pain
             ... invoked by an orc priest
              (14 damage)
             ... on level 4 of the Dungeon.
             The game lasted 00:14:44 (3813 turns).

Gerad the Destroyer (High Elf Conjurer)             Turns: 3813, Time: 00:14:46

Health: -4/41      AC:  4    Str:  7    XL:     7   Next: 46%
Magic:  3/16       EV: 13    Int: 20    God:    Sif Muna [**....]
Gold:   167        SH:  0    Dex: 17    Spells: 5 memorised, 1 level left

rFire  . . .     SeeInvis .     a - +2 flail (holy)
rCold  . . .     Gourm    .     g - +0 robe
rNeg   . . .     Faith    .     (no shield)
rPois  .         Spirit   .     z - +0 helmet
rElec  .         Reflect  .     o - +0 cloak
rCorr  .         Harm     .     (no gloves)
MR     .....                    (no boots)
Stlth  +++.......               (no amulet)
                                (no ring)
                                f - ring of stealth

@: divine energy
A: no striking features
a: Stop Divine Energy, Renounce Religion


You were on level 4 of the Dungeon.
You worshipped Sif Muna.
Sif Muna was pleased with you.
You were not hungry.

You visited 1 branch of the dungeon, and saw 4 of its levels.

You collected 167 gold pieces.

Inventory:

Hand Weapons
 a - a +2 flail of holy wrath (weapon)
 n - a +0 falchion
Armour
 g - a +0 robe (worn)
 h - a +0 leather armour
 o - a +0 cloak (worn)
 q - a +0 ring mail of positive energy
 z - a +0 helmet (worn)
Jewellery
 f - a ring of stealth (left hand)
Wands
 s - a wand of iceblast (0/15)
 x - a wand of iceblast (8/15)
Scrolls
 e - 6 scrolls of identify {unknown}
 i - 2 scrolls of amnesia {unknown}
 k - a scroll of recharging {unknown}
 l - a scroll of enchant weapon {unknown}
 m - 2 scrolls of fear {unknown}
 p - 3 scrolls of enchant armour {unknown}
 t - a scroll of fog {unknown}
 y - a scroll of teleportation {unknown}
Potions
 j - a potion of resistance
 r - a potion of berserk rage {unknown}
 u - a potion of flight {unknown}
 v - 3 potions of degeneration {unknown}
 w - a potion of lignification {unknown}
 B - a potion of heal wounds {unknown}
Books
 b - a book of Conjurations

   Spells                             Type                      Level
   a - Magic Dart                     Conjuration                  1
   b - Searing Ray                    Conjuration                  2
   c - Dazzling Spray                 Conjuration/Hexes            3
   d - Fulminant Prism                Conjuration/Hexes            4
   e - Iskenderun's Mystic Blast      Conjuration                  4
   f - Iskenderun's Battlesphere      Conjuration/Charms           5
Comestibles
 c - 3 bread rations
 d - 2 meat rations
 A - a slice of pizza
 C - 3 chunks of flesh


   Skills:
 - Level 2.1 Dodging
 - Level 2.1 Stealth
 + Level 5.3 Spellcasting
 * Level 8.7 Conjurations
 * Level 1.6 Charms


You had one spell level left.
You knew the following spells:

 Your Spells              Type           Power        Failure   Level  Hunger
a - Magic Dart            Conj           ####         1%          1    None
b - Searing Ray           Conj           #####.       1%          2    None
c - Dazzling Spray        Conj/Hex       ###...       8%          3    ##.....
d - Iskenderun's Mystic   Conj           #####...     3%          4    ####...
e - Iskenderun's Battles  Conj/Chrm      ####....     38%         5    #####..


Dungeon Overview and Level Annotations

Branches:
Dungeon (4/15)
 Temple: D:4-7

Altars:
Makhleb
Sif Muna

Shops:
D:4 *


Message History

Sif Muna accepts your kill. The orc barely misses you.
The orc priest closely misses you.
The searing ray misses the orc priest.
You finish channeling your searing ray.
The orc hits you with a war axe!
* * * LOW HITPOINT WARNING * * *
The orc closely misses you.
Unknown command.
Casting: Searing Ray
Confirm with . or Enter, or press ? or * to list all spells.
Aiming: Iskenderun's Mystic Blast
Press: ? - help, Shift-Dir - straight line, f/p - orc priest
Aim: an orc priest, wielding a trident and wearing a ring mail (moderately wounded)
The orb of energy hits the orc priest.
The orc priest is almost dead.
The orb of energy explodes!
The mystic blast hits the orc.
You kill the orc!
Sif Muna accepts your kill.
The orc priest calls down the wrath of Beogh upon you.
Pain shoots through your body!
You die...

## +. ### ### ## #..
..# #.o###..#
#...#...# ###.o.#
#+# #.o)##########.#
##.)@.......##.#####
##########........#
#.#...##.#
#......#.#
#.#...##.#
#)##.###.##
#..........
#.######.##
#.######.#


You could see an orc priest and 2 orcs.

Vanquished Creatures
  3 ogres
  A scorpion (D:3)
  A hound (D:4)
  An orc priest (D:4)
  An orc wizard (D:3)
  Ijyb (D:3)
  Natasha (D:3)
  Robin (D:3)
  4 gnolls (D:4)
  9 adders
  3 oozes
  4 worms
  3 dart slugs (D:1)
  The ghost of MisterAzrael the Sneak, a weakling SpAs (D:4)
  2 leopard geckos
  17 orcs
  12 bats
  4 giant cockroaches
  9 hobgoblins
  5 jackals
  12 kobolds
  4 quokkas
  3 ball pythons
  5 frilled lizards
  14 goblins
  A leopard gecko skeleton (D:4)
  9 rats
131 creatures vanquished.

Notes
Turn   | Place    | Note
-------+----------+-------------------------------------------
     0 | D:1      | Gerad the High Elf Conjurer began the quest for the Orb.
     0 | D:1      | Reached XP level 1. HP: 11/11 MP: 4/4
   364 | D:1      | Reached XP level 2. HP: 17/17 MP: 4/6
   372 | D:1      | Learned a level 2 spell: Searing Ray
   382 | D:1      | Reached skill level 5 in Conjurations
   560 | D:1      | Reached XP level 3. HP: 16/21 MP: 0/7
   887 | D:2      | Reached skill level 6 in Conjurations
   985 | D:2      | Reached XP level 4. HP: 27/27 MP: 2/8
  1076 | D:2      | Learned a level 3 spell: Dazzling Spray
  1475 | D:2      | Found a deep blue altar of Sif Muna.
  1485 | D:2      | Became a worshipper of Sif Muna the Loreminder
  1631 | D:3      | Noticed an ogre
  1635 | D:3      | Killed an ogre
  1635 | D:3      | Reached XP level 5. HP: 31/31 MP: 2/11
  1721 | D:3      | Learned a level 4 spell: Iskenderun's Mystic Blast
  1744 | D:3      | Reached skill level 7 in Conjurations
  1931 | D:3      | Reached * piety under Sif Muna
  2025 | D:3      | Noticed Ijyb
  2045 | D:3      | Killed Ijyb
  2045 | D:3      | Reached XP level 6. HP: 35/36 MP: 0/12
  2243 | D:3      | Noticed Natasha
  2250 | D:3      | Killed Natasha
  2324 | D:3      | Noticed Robin
  2454 | D:3      | Killed Robin
  2899 | D:4      | Reached skill level 8 in Conjurations
  2947 | D:4      | Noticed MisterAzrael's ghost (weakling SpAs)
  2979 | D:4      | Killed MisterAzrael's ghost
  3036 | D:4      | Reached skill level 5 in Spellcasting
  3036 | D:4      | Reached XP level 7. HP: 13/41 MP: 5/15
  3307 | D:4      | Found a burning altar of Makhleb.
  3318 | D:4      | Reached ** piety under Sif Muna
  3527 | D:4      | Found Osenoh's Elemental Accessories.
  3545 | D:4      | Learned a level 5 spell: Iskenderun's Battlesphere
  3786 | D:4      | Reached skill level 1 in Charms
  3813 | D:4      | Killed from afar by an orc priest

Vault maps used:
D:1:      dpeg_arrival_concentric_ovals, minmay_domino_4
D:2:      marbit_many_paths
D:3:      uniq_robin, uniq_natasha, uniq_iyjb
D:4:      lemuel_crystal_altar, kennysheep_little_box, first_bread,
          nicolae_elemental_shop

Skill      XL: |  1  2  3  4  5  6  7 |
---------------+----------------------+-----
Conjurations   | 5 6 7 8 |  8.7
Spellcasting   | 3 5 |  5.3
Charms         | 1 |  1.6
Dodging        | |  2.1
Stealth        | |  2.1

Action                   |  1- 3 |  4- 6 |  7- 9 || total
-------------------------+-------+-------+-------++-------
Melee: Whip              |    33 |     2 |       ||    35
       Mace              |       |    33 |       ||    33
       Flail             |       |       |    27 ||    27
 Cast: Magic Dart        |    62 |    71 |     9 ||   142
       Searing Ray       |     1 |    22 |     6 ||    29
       Iskenderun's Myst |       |       |     1 ||     1
Invok: Divine Energy     |       |     1 |       ||     1
Evoke: Wand              |       |     1 |       ||     1
  Use: Potion            |       |     2 |       ||     2
 Stab: Sleeping          |     2 |     1 |     5 ||     8
  Eat: Chunk             |       |     7 |     3 ||    10
Armor: Robe              |     5 |    16 |     4 ||    25
Dodge: Dodged            |    22 |    54 |    27 ||   103
